 Dungeon Crawl Stone Soup version 0.28.0-45-g0d030f2227 (webtiles) character file.

Game seed: 8072024939249185690

53 Icepheonix32 the Skirmisher (level 3, 0/29 HPs)
             Began as a Demonspawn Fighter on Apr 8, 2022.
             Slain by Jessica
             ... wielding a +0 dagger
              (6 damage)
             ... on level 2 of the Dungeon.
             The game lasted 00:01:30 (1756 turns).

Icepheonix32 the Skirmisher (Demonspawn Fighter)    Turns: 1756, Time: 00:01:31

Health: 0/29       AC:  7    Str: 18    XL:     3   Next: 64%
Magic:  3/3        EV:  9    Int:  9    God:
Gold:   106        SH:  4    Dex: 12    Spells: 2/2 levels left

rFire   + . .      SeeInvis .   a - +0 long sword
rCold   + . .      Faith    .   c - +0 buckler
rNeg    . . .      Spirit   .   b - +0 scale mail
rPois   +          Reflect  .   g - +0 helmet
rElec   +          Harm     .   (no cloak)
rCorr   +          Rampage  .   (no gloves)
Will    .....                   (no boots)
Stlth   ..........              (no amulet)
HPRegen 0.09/turn               (no ring)
MPRegen 0.08/turn               (no ring)

@: resistant
A: powered by pain 1, demonic touch 1
a: no special abilities


You were on level 2 of the Dungeon.
You visited 1 branch of the dungeon, and saw 2 of its levels.

You collected 106 gold pieces.

Inventory:

Hand Weapons
 a - a +0 long sword (weapon)
Missiles
 j - 6 boomerangs (quivered)
Armour
 b - a +0 scale mail (worn)
 c - a +0 buckler (worn)
 g - a +0 helmet (worn)
Scrolls
 e - a scroll of summoning {unknown}
 f - 2 scrolls of identify {unknown}
 h - a scroll of teleportation {unknown}


   Skills:
 - Level 3.2 Fighting
 - Level 2.0 Long Blades
 - Level 3.0 Armour
 - Level 0.1 Dodging
 - Level 2.9 Shields
 + Level 2.1 Unarmed Combat


You had 2 spell levels left.
You didn't know any spells.
Your spell library was empty.

Dungeon Overview and Level Annotations

Branches:
Dungeon (2/15)

Altars:

Annotations:
D:2 Jessica


Innate Abilities, Weirdness & Mutations

You sometimes gain a little power by taking damage.
Your touch may inflict minor irresistible damage on your foes.


Message History

The poisoned dart closely misses the kobold.
The poisoned dart closely misses Jessica.
The kobold throws a stone.
The stone misses you.
Unknown command.
Throw: 4 darts (poison)
Press: ? - help, Q - select action, (/) - cycle Shift-Dir - straight line, f/p - kobold
Aim: a kobold, wielding a +0 club and quivering stones (50% to hit)
You throw a poisoned dart.
The poisoned dart barely misses the kobold.
Throw: 3 darts (poison)
Press: ? - help, Q - select action, (/) - cycle Shift-Dir - straight line, f/p - kobold
Aim: a kobold, wielding a +0 club and quivering stones (50% to hit)
You throw a poisoned dart. The poisoned dart hits the kobold.
Unknown command.
Throw: 2 darts (poison)
Press: ? - help, Q - select action, (/) - cycle Shift-Dir - straight line, f/p - kobold
Aim: a kobold, wielding a +0 club and quivering stones (50% to hit)
You throw a poisoned dart. The poisoned dart hits the kobold.
The kobold is poisoned.
Jessica gestures wildly while chanting.
Jessica seems to speed up.
You hit the kobold.
The kobold is severely wounded.
You kill the kobold!
Jessica casts a spell at you. You resist with some effort.
Throw: dart (poison)
Press: ? - help, Q - select action, (/) - cycle Shift-Dir - straight line, f - Jessica
Aim: Jessica, wielding a +0 dagger and wearing a +0 robe (fast, 57% to hit)
You throw a poisoned dart.
The poisoned dart barely misses Jessica.
Unknown command.
You hit Jessica.
Jessica is severely wounded.
You block Jessica's attack. Jessica hits you with a +0 dagger.
* * * LOW HITPOINT WARNING * * *
You closely miss Jessica.
Jessica is severely wounded.
Jessica hits you with a +0 dagger.
You die...

#....... #...... #.....
#.... ### #... ..# #.. # #
#.# #.# #.# #.##.##.#@#
.... #.......#@##..#.#.#
####.####.......#.#
######.......#(##......
#.......#.##.#(##)...# #
###.####..#............#.#
...[# #..####.#.##......#
###.# ...# #.#(......#
#........ ..###...###


You could see Jessica (fast).

Vanquished Creatures
  Terence (D:2)
  A dart slug (D:1)
  3 endoplasms (D:1)
  A goblin (D:1)
  6 hobgoblins (D:1)
  2 quokkas (D:1)
  3 ball pythons (D:1)
  3 frilled lizards
  3 kobolds (D:2)
  A rat (D:1)
24 creatures vanquished.

Notes
Turn   | Place    | Note
-------+----------+-------------------------------------------
     0 | D:1      | Icepheonix32 the Demonspawn Fighter began the quest for the
                  | Orb.
     0 | D:1      | Reached XP level 1. HP: 18/18 MP: 1/1
   141 | D:1      | Gained mutation: Your touch may inflict minor irresistible
                  | damage on your foes. [demonic ancestry]
   141 | D:1      | Reached XP level 2. HP: 19/24 MP: 2/2
  1483 | D:2      | Noticed Terence
  1503 | D:2      | Killed Terence
  1504 | D:2      | Gained mutation: You sometimes gain a little power by
                  | taking damage. [demonic ancestry]
  1504 | D:2      | Reached XP level 3. HP: 15/29 MP: 3/3
  1731 | D:2      | Noticed Jessica
  1756 | D:2      | Slain by Jessica

Illustrated notes

Levels and vault maps discovered:
D:1:      beargit_arrival_greenhouse, layout_basic, minmay_small_reverse_x
D:2:      layout_loops_cross, minmay_tetromino_o2, uniq_jessica, uniq_terence

Skill      XL: |  1  2 |
---------------+-------+-----
Long Blades    | 2 |  2.0
Armour         | 3 |  3.0
Unarmed Combat | 2 |  2.1
Fighting       | |  3.2
Dodging        | |  0.1
Shields        | |  2.9

Action                   || total
-------------------------++-------
Melee: Long sword        ||    75
Throw: Dart              ||    10
  Use: Potion            ||     2
Armor: Scale mail        ||    37
Dodge: Dodged            ||    32
Block: Buckler           ||    17
